Map: Cañón atribulado

Players

MrFercho

  • Race: Zerg Zerg
  • League: Silver
  • Spawn Location: 12:00

tigro

  • Race: Terran Terran
  • League: Bronze
  • Spawn Location: 12:00

TATORREA

  • Race: Protoss Protoss
  • League: Silver
  • Spawn Location: 3:00

tripaalojo - Winner!

  • Race: Terran Terran
  • League: Silver
  • Spawn Location: 6:00

Masenjom - Winner!

  • Race: Protoss Protoss
  • League: Silver
  • Spawn Location: 7:00

Layote - Winner!

  • Race: Zerg Zerg
  • League: Platinum
  • Spawn Location: 6:00

VOD

Have the link to the VOD?

Description

Time

  • Played on: June 25, 2020, 9:22 p.m.
  • Length: 10:51
Show
View Real Time Build Order
Export as new Build Order

MrFercho Zerg 

Build Orders: Pool First 

Get SALT Encoding   

  12  0:01  Drone  
  13  0:27  Spawning Pool  
  12  0:41  Drone x2  
  14  1:07  Hatchery  
  13  1:11  Drone  
  13  1:13  Overlord  
  14  1:31  Zergling x2  
  15  1:35  Drone x2, Extractor  
  16  1:43  Queen  
  16  1:46  Overlord  
  18  1:56  Drone  
  19  2:05  Drone  
  20  2:26  Zergling x2  
  20  2:27  Zergling x2  
  22  2:30  Drone x2  
  24  2:37  Metabolic Boost  
  24  2:42  Drone x2  
  24  2:44  Evolution Chamber  
  25  2:47  Extractor  
  24  2:56  Zergling x2  
  24  2:57  Zergling x6  
  28  3:10  Queen  
  28  3:12  Drone  
  31  3:13  Drone  
  31  3:17  Drone  
  33  3:36  Lair  
  32  3:48  Zergling x12  
  32  4:03  Zerg Melee Weapons Level 1  
  33  4:17  Zergling x8  
  33  4:19  Overlord  
  36  4:29  Roach Warren  
  35  4:35  Drone  
  35  5:26  Drone x6  
  41  5:37  Drone  
  41  5:40  Drone  
  43  5:46  Spire  
  33  5:58  Drone x2  
  33  6:01  Zerg Missile Weapons Level 1  
  33  6:03  Drone x2  
  37  6:17  Roach x3  
  43  6:19  Overlord x4  
  43  6:33  Zergling x2  
  44  6:43  Roach x2  
  44  6:44  Roach x6  
  44  6:46  Glial Reconstitution  
  45  7:21  Roach x10  
  47  8:09  Mutalisk x5  
  45  8:32  Mutalisk  
  47  8:58  Drone x7, Extractor x2  
  47  8:59  Drone x7  
  59  9:29  Mutalisk  
  59  9:30  Mutalisk x3  
  59  10:18  Mutalisk  
  59  10:19  Mutalisk x3  
  67  10:22  Overlord x3  
  67  10:23  Overlord x5  
Show
View Real Time Build Order
Export as new Build Order

tigro Terran 

Build Orders:  

Get SALT Encoding   

  12  0:04  SCV  
  13  0:16  SCV  
  14  0:25  Supply Depot  
  15  0:28  SCV  
  15  0:47  SCV  
  16  0:55  Barracks  
  16  0:59  SCV  
  17  1:04  Refinery  
  17  1:14  Refinery  
  17  1:27  Supply Depot  
  17  1:30  SCV  
  18  1:42  SCV, Marine  
  20  1:53  Barracks  
  20  1:54  SCV  
  20  2:00  Marine  
  22  2:06  SCV  
  23  2:17  Marine  
  23  2:18  SCV  
  25  2:30  SCV  
  25  2:35  Marine  
  27  2:41  Engineering Bay  
  27  2:43  Factory  
  27  2:45  Orbital Command  
  27  2:52  Barracks Reactor  
  27  2:53  Marine  
  28  3:17  Barracks Tech Lab  
  28  3:25  Terran Infantry Weapons Level 1  
  28  3:31  Factory Tech Lab  
  28  3:47  Marine x3  
  31  4:04  Marine  
  31  4:05  Marine x2  
  34  4:19  Siege Tank  
  34  4:22  Marine  
  34  4:23  Marine  
  39  4:31  Marine  
  40  4:40  Marine  
  40  4:41  Starport  
  41  5:19  Starport  
  41  5:20  Terran Infantry Armor Level 1  
  41  5:31  Medivac  
  43  5:37  Command Center  
  43  5:56  Siege Tank  
  46  6:02  Starport Tech Lab  
  46  6:03  Starport Tech Lab  
  41  6:28  Siege Tank  
  41  6:34  Marine x3  
  37  6:52  Marine x3  
  35  7:10  Marine x3  
  35  7:14  Neosteel Armor  
  38  7:16  Refinery  
  38  7:17  SCV  
  39  7:27  Marine  
  39  7:28  Marine x2  
  39  7:29  SCV  
  39  7:41  SCV  
  35  7:45  Marine x3  
  38  7:53  SCV  
  36  8:03  Marine x3  
  39  8:05  SCV  
  40  8:21  Marine x3  
  38  8:36  Combat Shield  
  38  8:39  Marine x3  
  38  8:40  Medivac  
  42  8:50  Fusion Core  
  42  8:54  Hellion, Hi-Sec Auto Tracking  
  44  8:56  Marine  
  44  8:57  Marine x2  
  47  9:10  Medivac  
  47  9:14  Marine x2  
  47  9:15  Hellion, Marine  
  54  9:32  Marine x3  
  54  9:37  Hellion  
  59  9:39  Armory  
  59  9:50  Marine  
  60  9:58  Hellion  
  62  10:02  SCV, Refinery  
  55  10:14  SCV  
  43  10:26  SCV  
  34  10:38  SCV  
Show
View Real Time Build Order
Export as new Build Order

TATORREA Protoss 

Build Orders:  

Get SALT Encoding   

  12  0:01  Probe  
  13  0:14  Probe  
  14  0:20  Pylon  
  14  0:26  Probe  
  15  0:38  Probe  
  16  0:43  Gateway  
  16  1:01  Probe  
  17  1:10  Assimilator  
  17  1:13  Probe  
  17  1:17  Pylon  
  18  1:21  Probe  
  19  1:29  Probe  
  19  1:39  Cybernetics Core, Probe  
  21  1:59  Nexus  
  21  2:04  Pylon  
  21  2:07  Pylon  
  21  2:11  Probe  
  22  2:23  Probe, Assimilator  
  23  2:35  Probe  
  24  2:41  Zealot  
  26  2:47  Probe  
  27  2:58  Warp Gate  
  27  2:59  Probe  
  28  3:08  Stalker  
  28  3:11  Probe x2  
  32  3:24  Probe x2  
  34  3:30  Nexus  
  34  3:32  Pylon  
  34  3:36  Probe, Pylon  
  34  3:38  Probe  
  36  3:42  Zealot  
  36  3:55  Probe x2  
  36  4:07  Probe x2  
  38  4:19  Probe x2  
  40  4:28  Stargate  
  40  4:30  Stargate  
  40  4:31  Probe x2  
  40  4:34  Assimilator  
  42  4:38  Assimilator  
  42  4:43  Probe x3  
  45  4:49  Stalker  
  47  4:55  Probe x3  
  50  5:07  Probe x2  
  50  5:08  Probe  
  53  5:19  Probe x2  
  53  5:20  Probe  
  56  5:31  Probe, Assimilator  
  56  5:32  Probe x2  
  56  5:35  Assimilator  
  59  5:41  Nexus  
  59  5:42  Pylon  
  59  5:43  Probe  
  59  5:44  Probe x2, Fleet Beacon  
  59  5:45  Pylon  
  59  5:47  Stargate  
  59  5:49  Stargate  
  62  5:55  Probe  
  62  5:56  Probe x2  
  65  5:58  Stalker  
  67  6:07  Probe  
  67  6:08  Probe x2  
  46  6:24  Probe  
  46  6:25  Probe  
  48  6:30  Stalker  
  45  6:36  Probe  
  45  6:37  Probe  
  47  6:48  Probe  
  47  6:49  Probe  
  41  7:01  Probe x2  
  41  7:02  Stalker  
  37  7:13  Probe x2  
  36  7:25  Probe  
  18  7:37  Probe  
  8  7:56  Probe x2  
  8  8:08  Probe x2  
  10  8:19  Nexus  
  10  8:23  Probe, Pylon  
  11  8:27  Pylon  
  11  8:34  Probe  
  12  8:49  Probe  
  12  8:50  Probe  
  14  8:57  Probe  
  14  8:58  Probe  
  16  9:06  Probe x2  
  18  9:18  Probe  
  18  9:19  Probe, Pylon  
  18  9:23  Void Ray  
  20  9:24  Pylon  
  20  9:26  Probe  
  20  9:27  Probe, Pylon  
  22  9:35  Probe x2  
  24  9:47  Probe x2  
  26  9:59  Probe x2  
  28  10:00  Cybernetics Core  
  32  10:28  Probe x2  
  30  10:36  Probe  
  30  10:37  Probe  
Show
View Real Time Build Order
Export as new Build Order

tripaalojo Terran - Winner!

Build Orders:  

Get SALT Encoding   

  12  0:02  SCV  
  13  0:14  SCV  
  14  0:24  Supply Depot  
  14  0:28  Refinery  
  14  0:30  SCV  
  15  0:51  Barracks  
  15  0:59  SCV  
  16  1:04  Refinery  
  16  1:11  SCV  
  17  1:40  Marine  
  17  1:44  Bunker  
  18  1:52  Factory  
  18  1:57  Marine  
  18  1:58  SCV  
  20  2:10  SCV  
  20  2:15  Marine  
  22  2:33  Marine  
  23  2:38  Command Center, Factory Tech Lab  
  23  2:56  Supply Depot  
  23  3:14  Barracks Reactor  
  23  3:17  SCV  
  24  3:20  Siege Tank  
  27  3:29  SCV  
  28  4:05  Marine  
  28  4:06  Marine  
  28  4:09  Siege Tank  
  33  4:12  Orbital Command  
  33  4:18  Orbital Command  
  33  4:23  Marine x2  
  35  4:41  Marine x2  
  37  4:57  SCV x2  
  37  4:59  Marine  
  40  5:05  Supply Depot  
  40  5:09  SCV x2  
  42  5:23  Marine x2  
  42  5:28  Supply Depot  
  44  5:41  Marine x2  
  46  5:50  Starport  
  46  5:51  Supply Depot  
  46  5:58  Marine x2  
  48  6:13  Supply Depot  
  48  6:16  Marine x2  
  50  6:29  Starport  
  50  6:34  Marine x2  
  52  6:40  Starport Reactor  
  42  7:49  Marine x2  
  42  7:51  Starport Reactor  
  43  7:52  Liberator x2  
  46  8:06  Marine  
  46  8:07  Marine  
  46  8:10  Barracks  
  48  8:24  Marine x2  
  50  8:35  Liberator  
  53  8:42  Marine x2  
  53  8:48  Viking x3  
  61  8:58  Engineering Bay, Barracks  
  61  9:00  Marine x2  
  63  9:08  Command Center  
  63  9:18  Viking x4, Marine x2  
  73  9:25  Engineering Bay  
  73  9:35  Marine  
  73  9:36  Marine  
  75  9:45  Barracks Reactor  
  74  9:48  Viking x3  
  74  9:49  Viking  
  78  9:56  Barracks Reactor  
  78  10:20  SCV  
  79  10:25  Command Center  
  79  10:32  SCV  
Show
View Real Time Build Order
Export as new Build Order

Masenjom Protoss - Winner!

Build Orders:  

Get SALT Encoding   

  12  0:14  Pylon  
  12  0:19  Probe  
  12  0:27  Probe  
  14  0:38  Gateway  
  14  0:47  Assimilator  
  14  1:02  Probe  
  14  1:10  Probe  
  16  1:25  Pylon  
  16  1:27  Zealot  
  18  1:36  Cybernetics Core  
  18  1:40  Probe  
  19  1:57  Probe  
  19  1:59  Zealot  
  22  2:18  Nexus  
  22  2:24  Probe  
  22  2:27  Zealot  
  25  2:31  Warp Gate  
  25  2:32  Probe  
  26  2:43  Probe  
  27  3:01  Twilight Council  
  27  3:04  Probe  
  28  3:10  Assimilator  
  28  3:14  Probe  
  29  3:22  Zealot  
  29  3:25  Probe  
  32  3:34  Pylon  
  32  3:38  Charge, Pylon  
  32  3:44  Gateway  
  32  3:48  Probe  
  33  3:56  Zealot  
  33  3:57  Probe  
  36  4:06  Probe  
  37  4:15  Gateway  
  37  4:16  Probe  
  37  4:17  Gateway  
  37  4:24  Probe  
  38  4:30  Probe  
  39  4:38  Probe, Pylon  
  40  4:41  Pylon  
  40  4:43  Probe  
  42  4:49  Pylon  
  42  4:52  Pylon  
  42  4:54  Probe  
  42  4:58  Zealot x2  
  47  5:11  Zealot  
  47  5:12  Zealot  
  51  5:39  Zealot x2  
  51  5:40  Zealot x2  
  59  5:47  Forge  
  59  7:02  Zealot x3  
  59  7:03  Zealot, Protoss Ground Weapons Level 1  
  67  7:09  Gateway  
  67  7:14  Forge  
  67  7:19  Gateway  
  67  7:24  Gateway x2  
  67  7:27  Zealot x2  
  67  7:28  Zealot x2  
  63  7:54  Zealot x2  
  63  7:55  Zealot x2  
  61  8:00  Probe  
  58  8:07  Zealot  
  58  8:08  Probe  
  53  8:40  Protoss Ground Armor Level 1  
  49  8:56  Stalker  
  49  8:57  Stalker x3  
  49  8:58  Stalker x3  
  51  9:10  Assimilator  
  51  9:12  Assimilator  
  51  9:37  Stalker  
  53  9:47  Pylon  
  53  9:51  Pylon  
  53  9:53  Nexus  
  50  10:06  Probe  
  46  10:14  Probe  
  46  10:18  Stalker x3  
  46  10:19  Stalker x3  
  46  10:20  Stalker  
  60  10:42  Robotics Facility  
  60  10:44  Gateway  
  60  10:46  Gateway  
  60  10:47  Gateway  
Show
View Real Time Build Order
Export as new Build Order

Layote Zerg - Winner!

Build Orders: Hatch First 

Get SALT Encoding   

  12  0:01  Drone  
  13  0:09  Drone  
  13  0:14  Extractor  
  13  0:16  Drone  
  15  0:23  Overlord  
  15  0:45  Drone  
  16  0:54  Drone  
  16  0:55  Hatchery  
  16  1:00  Drone  
  16  1:02  Drone  
  18  1:09  Extractor  
  17  1:19  Spawning Pool  
  17  1:22  Drone  
  17  1:25  Drone  
  18  1:33  Drone  
  19  1:40  Overlord  
  19  2:07  Queen x2  
  23  2:09  Zergling x6  
  23  2:12  Zergling x2  
  27  2:18  Zergling x2  
  27  2:20  Metabolic Boost  
  29  2:22  Zergling x2  
  29  2:29  Zergling x2  
  30  2:33  Zergling x2  
  31  2:40  Overlord  
  31  2:50  Extractor  
  31  2:51  Drone  
  31  2:55  Drone x2  
  33  3:01  Drone  
  33  3:03  Lair  
  34  3:18  Overlord x2  
  34  3:29  Drone  
  34  3:30  Drone x2  
  29  4:13  Drone  
  29  4:16  Baneling Nest  
  29  4:24  Hydralisk Den  
  28  4:26  Drone x2  
  30  4:37  Zergling x10  
  30  4:38  Zergling x6  
  38  4:57  Lurker Den  
  38  4:59  Drone  
  37  5:08  Baneling  
  37  5:09  Baneling x13  
  37  5:22  Zergling x2  
  37  5:23  Zergling x22  
  46  5:55  Centrifical Hooks  
  46  5:58  Zergling x16  
  31  7:15  Extractor  
  31  7:17  Extractor  
  31  7:18  Drone x3  
  31  7:19  Drone x2  
  31  7:20  Drone  
  33  7:43  Drone x3  
  36  7:46  Drone  
  36  7:47  Drone x8  
  45  7:58  Hatchery  
  44  7:59  Extractor  
  44  8:01  Extractor  
  42  8:16  Hydralisk  
  42  8:17  Hydralisk x7  
  58  8:24  Overseer  
  58  8:47  Hydralisk  
  60  8:50  Overlord x5  
  60  8:51  Overlord x2  
  60  9:09  Hydralisk  
  62  9:10  Hydralisk x5  
  62  9:12  Hydralisk  
  74  9:18  Muscular Augments  
  74  9:26  Queen  
  76  9:44  Drone  
  76  9:45  Drone x2  
  79  9:46  Drone x5  
  79  9:47  Drone  
  85  10:17  Hydralisk  
  85  10:18  Hydralisk x7  
Tags
 
Add a new tag
Caveats
  • Supply blocks, unpowered buildings, or Contaminate may cause inaccurate times.
  • Supply counts are checked every 10 seconds.